 Dungeon Crawl Stone Soup version 0.20.1-1-g8b1a95d (webtiles) character file.

1109 polve the Carver (level 8, -1/58 HPs)
             Began as a Demonspawn Abyssal Knight on July 14, 2017.
             Was a Believer of Lugonu.
             Slain by an orc priest
             ... wielding a +0 dagger
              (2 damage)
             ... on level 5 of the Dungeon.
             The game lasted 00:06:46 (5584 turns).

polve the Carver (Demonspawn Abyssal Knight)        Turns: 5584, Time: 00:06:47

Health: -1/58      AC:  8    Str: 13    XL:     8   Next: 11%
Magic:  9/9        EV:  5    Int: 13    God:    Lugonu [**....]
Gold:   126        SH:  8    Dex: 15    Spells: 7/7 levels left

rFire    + . .     SeeInvis .     - Unarmed
rCold    . . .     Gourm    .   j - +0 buckler
rNeg     . . .     Faith    .   f - +0 chain mail
rPois    .         Spirit   .   (no helmet)
rElec    .         Reflect  .   (no cloak)
rCorr    .         Harm     .   (no gloves)
MR       .....                  (no boots)
Stlth    ..........             (no amulet)
Regen    0.2/turn               (no ring)
MPRegen  0.2/turn               (no ring)

@: lethally poisoned (-1 -> -23)
A: claws 1, large bone plates 1, fire resistance 1, spiny 2
a: Depart the Abyss, Bend Space, Renounce Religion


You were on level 5 of the Dungeon.
You worshipped Lugonu.
Lugonu was pleased with you.
You were near starving.

You visited 1 branch of the dungeon, and saw 5 of its levels.
You visited the Abyss 1 time.

You collected 126 gold pieces.

Inventory:

Hand Weapons
 b - a +0 blowgun
Missiles
 v - 11 poisoned needles
Armour
 f - a +0 chain mail (worn)
 j - a +0 buckler (worn)
Scrolls
 h - 4 scrolls of identify {unknown}
 n - 4 scrolls of immolation {unknown}
 p - 3 scrolls of teleportation {unknown}
 q - 3 scrolls of recharging {unknown}
 r - 2 scrolls of enchant armour {unknown}
 s - a scroll of random uselessness {unknown}
 u - a scroll of blinking {unknown}
 y - 3 scrolls of magic mapping {unknown}
 z - a scroll of remove curse {unknown}
 A - a scroll of fear {unknown}
 C - a scroll of fog {unknown}
Potions
 e - a potion of brilliance {unknown}
 i - a potion of mutation {unknown}
 k - a potion of lignification {unknown}
 l - a potion of cancellation
 m - a potion of heal wounds {unknown}
 o - a potion of might {unknown}
 t - a potion of invisibility {unknown}
 w - a potion of degeneration {unknown}
Books
 x - a book of Minor Magic

   Spells                             Type                      Level
   a - Magic Dart                     Conjuration                  1
   b - Blink                          Translocation                2
   c - Call Imp                       Summoning                    2
   d - Slow                           Hexes                        2
   e - Conjure Flame                  Conjuration/Fire             3
   f - Mephitic Cloud                 Conjuration/Poison/Air       3
Comestibles
 c - 4 bread rations
 d - 5 meat rations
 g - 3 royal jellies


   Skills:
 - Level 3.0 Fighting
   Level 8.4 Long Blades
 - Level 1.7 Armour
 - Level 0.8 Dodging
 - Level 2.0 Shields
 + Level 1.7 Unarmed Combat
 - Level 2.4 Invocations


You had 7 spell levels left.
You didn't know any spells.

Dungeon Overview and Level Annotations

Branches:
Dungeon (5/15)             Temple (0/1) D:4

Altars:

Shops:
D:5 (

Annotations:
D:5 Sigmund


Innate Abilities, Weirdness & Mutations

You have sharp fingernails.
You are partially covered in large bone plates. (SH +4)
Your flesh is heat resistant. (rF+)
You are mostly covered in sharp spines.


Message History

* * * LOW HITPOINT WARNING * * *
You feel sick. You block something's attack.
The orc priest hits you but does no damage.
* * * LOW HITPOINT WARNING * * *
You feel sick.
Things that are here:
a dagger; a robe; an orc corpse You scratch the orc priest.
The orc priest is severely wounded.
* * * LOW HITPOINT WARNING * * *
You feel sick.
The orc priest hits you but does no damage.
Something hits you.
* * * LOW HITPOINT WARNING * * *
You are more poisoned.
Your chain mail prevents you from hitting the orc priest.
The orc priest is severely wounded.
* * * LOW HITPOINT WARNING * * *
You feel sick. The orc priest hits you with a dagger.
You die...

#.......#
#.....).# ###
#.....).# #..
.##..†....########
#.#
....$....oa.....a#
#.#
.##....%..######o#
#.# #.......# #.#
#)# #.......# #o#
#†# #.......# #@#
#.# ######### #.#
#.# #.# #.. #.#
#.#
#.################
#.................
##################


You could see a worker ant, an orc priest and an orc.

Vanquished Creatures
  Pikel (D:4)
  A sky beast (D:5)
  2 ogres (D:4)
  An orc priest (D:5)
  A centaur skeleton (D:3)
  An iguana (D:4)
  Terence (D:3)
  2 orc wizards (D:5)
  2 worker ants (D:4)
  4 gnolls (D:4)
  7 adders
  An ufetubus (Abyss:1)
  2 worms (D:3)
  4 dart slugs
  A leopard gecko (D:3)
  5 orcs
  10 goblins
  14 hobgoblins
  5 jackals
  10 kobolds
  A ball python skeleton (D:4)
  7 bats
  11 frilled lizards
  6 rats
100 creatures vanquished.

Vanquished Creatures (others)
  2 slaves (D:4)
  An orc wizard (D:4)
  A worker ant (D:4)
  An adder (D:4)
  4 jackals (D:4)
9 creatures vanquished.

Grand Total: 109 creatures vanquished

Notes
Turn   | Place    | Note
-------+----------+-------------------------------------------
     0 | Abyss:1  | polve the Demonspawn Abyssal Knight began the quest for the Orb.
     0 | Abyss:1  | Reached XP level 1. HP: 18/18 MP: 2/2
   194 | Abyss:1  | Reached skill level 2 in Long Blades
   256 | Abyss:1  | Noticed a blink frog
   256 | D:1      | Escaped the Abyss
   577 | D:1      | Gained mutation: You are partially covered in sharp spines. [demonic ancestry]
   577 | D:1      | Reached XP level 2. HP: 22/24 MP: 3/3
   762 | D:1      | Reached * piety under Lugonu
   944 | D:1      | Reached skill level 3 in Long Blades
  1164 | D:1      | Gained mutation: You are mostly covered in sharp spines. [demonic ancestry]
  1164 | D:1      | Reached XP level 3. HP: 29/29 MP: 4/4
  1506 | D:2      | Reached skill level 1 in Shields
  1566 | D:2      | Reached XP level 4. HP: 21/35 MP: 5/5
  2485 | D:3      | Reached skill level 4 in Long Blades
  2605 | D:3      | Reached ** piety under Lugonu
  2620 | D:3      | Reached XP level 5. HP: 7/41 MP: 6/6
  2960 | D:3      | Noticed Terence
  2978 | D:3      | Killed Terence
  3273 | D:4      | Reached skill level 5 in Long Blades
  3363 | D:4      | Noticed Pikel
  3364 | D:4      | Noticed a slave
  3364 | D:4      | Noticed a slave
  3367 | D:4      | Noticed a slave
  3381 | D:4      | Noticed a slave
  3388 | D:4      | Killed Pikel
  3388 | D:4      | Reached skill level 7 in Long Blades
  3388 | D:4      | Gained mutation: Your flesh is heat resistant. (rF+) [demonic ancestry]
  3388 | D:4      | Reached XP level 6. HP: 13/47 MP: 7/7
  3388 | D:4      | Gained mutation: You are partially covered in large bone plates. (SH +4) [demonic ancestry]
  3388 | D:4      | Reached XP level 7. HP: 14/52 MP: 8/8
  3653 | D:4      | Found a staircase to the Ecumenical Temple.
  4788 | D:4      | Reached skill level 8 in Long Blades
  5264 | D:5      | Entered Level 5 of the Dungeon
  5271 | D:5      | Found Juolulun's Antique Weapon Shop.
  5322 | D:5      | Gained mutation: You have sharp fingernails. [demonic ancestry]
  5322 | D:5      | Reached XP level 8. HP: 28/58 MP: 9/9
  5533 | D:5      | Reached skill level 1 in Unarmed Combat
  5564 | D:5      | Noticed Sigmund
  5583 | D:5      | HP: 2/58 [something (3)]
  5584 | D:5      | Slain by an orc priest

Skill      XL: |  1  2  3  4  5  6  7  8 |
---------------+-------------------------+-----
Long Blades    | 2 3 4 7 8 |  8.4
Shields        | 1 2 |  2.0
Unarmed Combat | 1 |  1.7
Fighting       | |  3.0
Armour         | |  1.7
Dodging        | |  0.8
Invocations    | |  2.4

Action                   |  1- 3 |  4- 6 |  7- 9 || total
-------------------------+-------+-------+-------++-------
Melee: Falchion          |    65 |    93 |    74 ||   232
       Unarmed           |       |       |    15 ||    15
Invok: Depart the Abyss  |     1 |       |       ||     1
  Use: Potion            |       |     2 |       ||     2
 Stab: Distracted        |     1 |       |       ||     1
       Sleeping          |       |     1 |       ||     1
  Eat: Chunk             |     2 |     6 |     5 ||    13
Armor: Leather armour    |    19 |     3 |       ||    22
       Chain mail        |       |    13 |    38 ||    51
Dodge: Dodged            |    41 |    36 |    11 ||    88
Block: Buckler           |     5 |    17 |    20 ||    42
       Rpst.: Falchion   |     9 |     7 |     3 ||    19
